 Dungeon Crawl Stone Soup version 0.28.0 (webtiles) character file.

Game seed: 1731225852188760061

134 dolemite99 the Chopper (level 5, -1/45 HPs)
             Began as a Hill Orc Monk on Feb 11, 2022.
             Slain by a sixfirhy (4 damage)
             ... on level 1 of the Abyss.
             The game lasted 00:03:23 (3955 turns).

dolemite99 the Chopper (Hill Orc Monk)              Turns: 3955, Time: 00:03:24

Health: -1/45      AC:  9    Str: 16    XL:     5   Next: 17%
Magic:  5/5        EV:  7    Int: 10    God:
Gold:   128        SH:  0    Dex: 13    Spells: 4/4 levels left

rFire   . . .      SeeInvis .   a - +0 hand axe
rCold   . . .      Faith    .   (no shield)
rNeg    . . .      Spirit   .   j - +0 chain mail
rPois   .          Reflect  .   (no helmet)
rElec   .          Harm     .   (no cloak)
rCorr   .          Rampage  .   d - +0 pair of gloves
Will    .....                   (no boots)
Stlth   ..........              (no amulet)
HPRegen 0.15/turn               (no ring)
MPRegen 0.09/turn               (no ring)

@: no status effects
A: no striking features
a: no special abilities


You were on level 1 of the Abyss.
You visited 1 branch of the dungeon, and saw 3 of its levels.
You visited the Abyss 1 time.

You collected 128 gold pieces.

Inventory:

Hand Weapons
 a - a +0 hand axe (weapon)
Missiles
 e - 26 arrows
 m - 13 bolts
Armour
 b - a +0 robe
 d - a +0 pair of gloves (worn)
 j - a +0 chain mail (worn)
Jewellery
 f - an amulet of the acrobat
Scrolls
 c - 2 scrolls of teleportation {unknown}
 h - 2 scrolls of identify {unknown}
 i - a scroll of enchant weapon {unknown}
 k - 3 scrolls of fear {unknown}
 l - a scroll of brand weapon {unknown}
 o - a scroll of magic mapping {unknown}
 p - a scroll of silence {unknown}
 q - a scroll of fog {unknown}
Potions
 g - a potion of flight
 n - 3 potions of curing


   Skills:
 - Level 3.6 Fighting
 + Level 7.5 Axes
 - Level 2.4 Dodging
 - Level 1.5 Stealth


You had 4 spell levels left.
You didn't know any spells.
Your spell library contained the following spells:

 Spells                   Type           Power      Damage    Failure   Level
 Gell's Gravitas          Tloc           0%         N/A       100%        3
 Teleport Other           Tloc           0%         N/A       100%        3
 Dispersal                Tloc           0%         N/A       100%        6


Dungeon Overview and Level Annotations

Branches:
Dungeon (3/15)

Altars:

Annotations:
D:2 exclusion: downstairs


Message History

The gnoll hits you but does no damage.
You hit the gnoll.
The gnoll is heavily wounded.
The gnoll barely misses you.
You hit the gnoll.
The gnoll is heavily wounded.
The gnoll hits you but does no damage. Space warps around you!
You hit the gnoll.
The gnoll is severely wounded.
The gnoll hits you but does no damage.
You are cast into the Abyss!
This branch contains the abyssal rune of Zot.
Found a gateway leading deeper into the Abyss.
There is an open door here.
You are starting to lose your buoyancy.
You float gracefully downwards.
HP restored.
A sixfirhy comes into view.
The sixfirhy hits you but does no damage.
You barely miss the sixfirhy.
The sixfirhy hits you but does no damage.
You hit the sixfirhy.
The sixfirhy is lightly wounded.
You slash the sixfirhy!
The sixfirhy is moderately wounded.
The sixfirhy hits you. The sixfirhy shocks you!
You hit the sixfirhy but do no damage.
The sixfirhy is moderately wounded.
The sixfirhy hits you but does no damage.
The sixfirhy hits you. The sixfirhy shocks you!
* * * LOW HITPOINT WARNING * * *
The sixfirhy hits you.
* * * LOW HITPOINT WARNING * * *
The sixfirhy shocks you!
* * * LOW HITPOINT WARNING * * *
The sixfirhy hits you but does no damage.
You hit the sixfirhy.
The sixfirhy is lightly wounded.
The sixfirhy hits you.
You die...

##..##..##.
.......... ....
... #..# ..##.
##..##..##.
#.........
#########.........
.........#.##..##.
######.##@# .
#.#.3.......
###.#.........
#...#..##..##.
#####..# ..# ....
... .... ... ##..#
##.


You could see a sixfirhy.

Vanquished Creatures
  2 gnolls
  4 adders
  2 worms (D:2)
  2 dart slugs (D:1)
  An orc (D:3)
  7 ball pythons
  5 endoplasms
  A giant cockroach (D:1)
  7 goblins
  8 hobgoblins
  6 jackals (D:1)
  2 quokkas
  3 bats
  2 frilled lizards (D:1)
  3 kobolds (D:1)
  14 rats
69 creatures vanquished.

Notes
Turn   | Place    | Note
-------+----------+-------------------------------------------
     0 | D:1      | dolemite99 the Hill Orc Monk began the quest for the Orb.
     0 | D:1      | Reached XP level 1. HP: 19/19 MP: 1/1
     2 | D:1      | Noticed a draconian
     4 | D:1      | Noticed a dwarf
     4 | D:1      | Noticed a minotaur
     6 | D:1      | Noticed a naga
     8 | D:1      | Noticed a troll
     8 | D:1      | Noticed a spriggan
    10 | D:1      | Noticed a human
    12 | D:1      | Noticed a formicid
    12 | D:1      | Noticed a merfolk
    14 | D:1      | Noticed a vampire
    14 | D:1      | Noticed an elf
    16 | D:1      | Noticed a tengu
    18 | D:1      | Noticed a demonspawn
    18 | D:1      | Noticed a demigod
    20 | D:1      | Noticed a felid
    20 | D:1      | Noticed a ghoul
    22 | D:1      | Noticed an octopode
    24 | D:1      | Noticed a gargoyle
    24 | D:1      | Noticed an ogre
    26 | D:1      | Noticed a vine stalker
   393 | D:1      | Reached XP level 2. HP: 22/26 MP: 2/2
   418 | D:1      | Reached skill level 5 in Axes
  1088 | D:1      | Reached XP level 3. HP: 29/31 MP: 3/3
  1668 | D:1      | Reached skill level 6 in Axes
  2425 | D:2      | Reached XP level 4. HP: 39/39 MP: 4/4
  2996 | D:3      | Reached skill level 7 in Axes
  3505 | D:2      | Reached XP level 5. HP: 17/45 MP: 5/5
  3898 | D:3      | Cast into level 1 of the Abyss (gnoll)
  3950 | Abyss:1  | Noticed a sixfirhy
  3955 | Abyss:1  | Slain by a sixfirhy

Illustrated notes

Levels and vault maps discovered:
D:1:      kb_arrival_jail, layout_basic, minmay_rat_gold_closets
D:2:      layout_basic
D:3:      layout_basic, nicolae_elevator_lobby_plus
Abyss:1:  base:
D:1

Skill      XL: |  1  2  3  4 |
---------------+-------------+-----
Axes           | 5 6 7 |  7.5
Fighting       | |  3.6
Dodging        | |  2.4
Stealth        | |  1.5

Action                   |  1- 3 |  4- 6 || total
-------------------------+-------+-------++-------
Melee: Hand axe          |   153 |    98 ||   251
       Punch             |     2 |       ||     2
  Use: Potion            |       |     2 ||     2
 Stab: Sleeping          |     6 |       ||     6
Armor: Robe              |    21 |       ||    21
       Chain mail        |    47 |    74 ||   121
Dodge: Dodged            |    71 |    37 ||   108
